TOP OF THE 1ST |
Porto Vintners batting - Pitching for Trujillo Gryphons : RHP Takeji Toki
|
Pitching: RHP Takeji Toki
|
|
Batting: RHB Ibn Gachukia
|
0-0: Ball 1-0: Fly out, F8 (Flyball, 8LS, EV 96.9 MPH)
|
Batting: RHB Sorin Logiyko
|
0-0: Ball 1-0: Ball 2-0: Swinging Strike 2-1: Swinging Strike 2-2: Strikes out swinging
|
Batting: LHB Nguna Al-Fayed
|
0-0: Ball 1-0: Ground out 4-3 (Groundball, 4S, EV 87.5 MPH)
|
Top of the 1st over - 0 runs, 0 hits, 0 errors, 0 left on base; Porto 0 - Trujillo 0 |
BOTTOM OF THE 1ST |
Trujillo Gryphons batting - Pitching for Porto Vintners : RHP Tae-hyeon Kim
|
Pitching: RHP Tae-hyeon Kim
|
|
Batting: RHB Kimmo-Mikka Vanhala
|
0-0: SINGLE (Groundball, 56D, EV 102.5 MPH)
|
Batting: LHB Ricky Vega
|
0-0: Ball 1-0: Fly out, F9 (Line Drive, 9, EV 105.0 MPH)
|
Batting: LHB Jesus Rosales
|
0-0: Ball 1-0: Ball 2-0: Fielders Choice at 2nd, 4-6 (Groundball, 34, EV 83.1 MPH)
|
Batting: RHB Ali Ufa
|
0-0: Fly out, F5 (Popup, 25F, EV 87.5 MPH)
|
Bottom of the 1st over - 0 runs, 1 hit, 0 errors, 1 left on base; Porto 0 - Trujillo 0 |
TOP OF THE 2ND |
Porto Vintners batting - Pitching for Trujillo Gryphons : RHP Takeji Toki
|
Batting: LHB Hizkaias Gogo
|
0-0: Foul Ball, location: 5DF 0-1: Fly out, F9 (Flyball, 89M, EV 90.6 MPH)
|
Batting: LHB Jalal Sofian
|
0-0: Called Strike 0-1: Ball 1-1: Foul Ball, location: 2F 1-2: Ground out 6-3 (Groundball, 6, EV 91.3 MPH)
|
Batting: SHB Tommy Wynn
|
0-0: Ball 1-0: Fly out, F3 (Line Drive, 3, EV 61.9 MPH)
|
Top of the 2nd over - 0 runs, 0 hits, 0 errors, 0 left on base; Porto 0 - Trujillo 0 |
BOTTOM OF THE 2ND |
Trujillo Gryphons batting - Pitching for Porto Vintners : RHP Tae-hyeon Kim
|
Batting: RHB Marcos Chavez
|
0-0: Called Strike 0-1: Ball 1-1: Called Strike 1-2: Ball 2-2: Strikes out looking
|
Batting: LHB Luis Jaramillo
|
0-0: Foul Ball, location: 5DF 0-1: Ball 1-1: Foul Ball, location: 2F 1-2: Foul Ball, location: 3DF 1-2: Ball 2-2: Foul Ball, location: 5DF 2-2: Reached via error on a dropped throw from 2B, E3 (Groundball, 4, EV 101.9 MPH)
|
Batting: LHB Bill Larocque
|
0-0: Called Strike 0-1: Ball 1-1: Ground out 6-3 (Groundball, 6M, EV 105.0 MPH) Luis Jaramillo to second
|
Batting: RHB Knud Fynbo
|
0-0: Called Strike 0-1: Ball 1-1: Ball 2-1: Swinging Strike 2-2: DOUBLE (Line Drive, 89D, EV 105.0 MPH) Luis Jaramillo scores
|
Batting: SHB Bart Dean
|
0-0: Called Strike 0-1: Swinging Strike 0-2: Foul Ball, location: 5F 0-2: Ball 1-2: Fly out, F9 (Flyball, 9LD, EV 93.8 MPH)
|
Bottom of the 2nd over - 1 run, 1 hit, 1 error, 1 left on base; Porto 0 - Trujillo 1 |
TOP OF THE 3RD |
Porto Vintners batting - Pitching for Trujillo Gryphons : RHP Takeji Toki
|
Batting: RHB Adhamh Sukarto
|
0-0: Called Strike 0-1: Called Strike 0-2: Ball 1-2: Ball 2-2: Ground out 1-3 (Groundball, 15S, EV 63.1 MPH)
|
Batting: RHB Dinh-Hy Tra
|
0-0: Ball 1-0: Fly out, F7 (Line Drive, 7, EV 98.1 MPH)
|
Batting: RHB Run-ming Jian
|
0-0: Called Strike 0-1: Ball 1-1: Called Strike 1-2: Ball 2-2: Ball 3-2: Base on Balls
|
Batting: RHB Ibn Gachukia
|
0-0: Called Strike 0-1: Ball 1-1: Ball 2-1: SINGLE (Flyball, 6D, EV 91.9 MPH) Run-ming Jian to second
|
Batting: RHB Sorin Logiyko
|
0-0: Ball 1-0: Ball 2-0: Called Strike 2-1: Ball 3-1: Base on Balls Run-ming Jian to third Ibn Gachukia to second
|
Batting: LHB Nguna Al-Fayed
|
0-0: Ball 1-0: Called Strike 1-1: Ball Passed Ball! Run-ming Jian scores Ibn Gachukia to third Sorin Logiyko to second 2-1: Ball 3-1: Base on Balls
|
Batting: LHB Hizkaias Gogo
|
0-0: Called Strike 0-1: Ball 1-1: GRAND SLAM HOME RUN (Line Drive, 78XD, EV 110.0 MPH), Distance : 446 ft
|
Batting: LHB Jalal Sofian
|
0-0: Called Strike 0-1: Ball 1-1: Swinging Strike 1-2: Ground out 4-3 (Groundball, 4, EV 76.3 MPH)
|
Top of the 3rd over - 5 runs, 2 hits, 0 errors, 0 left on base; Porto 5 - Trujillo 1 |
BOTTOM OF THE 3RD |
Trujillo Gryphons batting - Pitching for Porto Vintners : RHP Tae-hyeon Kim
|
Batting: RHB Kimmo-Mikka Vanhala
|
0-0: SINGLE (Groundball, 6, EV 101.9 MPH)
|
Batting: LHB Ricky Vega
|
0-0: Ball Kimmo-Mikka Vanhala steals 2nd base 1-0: Foul Ball, location: 2F 1-1: Ball 2-1: Hit by Pitch
|
Batting: LHB Jesus Rosales
|
0-0: Called Strike 0-1: Fly out, F8 (Line Drive, 8LD, EV 90.0 MPH)
|
Batting: RHB Ali Ufa
|
0-0: Ball 1-0: Grounds into double play, 5-4-3 (Groundball, 56, EV 88.8 MPH)
|
Bottom of the 3rd over - 0 runs, 1 hit, 0 errors, 1 left on base; Porto 5 - Trujillo 1 |
TOP OF THE 4TH |
Porto Vintners batting - Pitching for Trujillo Gryphons : RHP Takeji Toki
|
Batting: SHB Tommy Wynn
|
0-0: Ball 1-0: SINGLE (Line Drive, 3D, EV 94.4 MPH)
|
Batting: RHB Adhamh Sukarto
|
0-0: Foul Ball, location: 5F 0-1: Ball 1-1: Foul Ball, location: 7LDF 1-2: Ball 2-2: Ball 3-2: Grounds into double play, 4-6-3 (Groundball, 34, EV 103.8 MPH)
|
Batting: RHB Dinh-Hy Tra
|
0-0: Foul Ball, location: 25FF 0-1: Foul Ball, location: 2F 0-2: Ball 1-2: Fly out, F9 (Flyball, 9D, EV 95.0 MPH)
|
Top of the 4th over - 0 runs, 1 hit, 0 errors, 0 left on base; Porto 5 - Trujillo 1 |
BOTTOM OF THE 4TH |
Trujillo Gryphons batting - Pitching for Porto Vintners : RHP Tae-hyeon Kim
|
Batting: RHB Marcos Chavez
|
0-0: Called Strike 0-1: Ball 1-1: Ball 2-1: Foul Ball, location: 2F 2-2: Foul Ball, location: 2F 2-2: Fly out, F8 (Flyball, 8RM, EV 68.1 MPH)
|
Batting: LHB Luis Jaramillo
|
0-0: Ball 1-0: DOUBLE (Line Drive, 78M, EV 109.4 MPH)
|
Batting: LHB Bill Larocque
|
0-0: Ball 1-0: Called Strike 1-1: Ball 2-1: Swinging Strike 2-2: Ball 3-2: Reached on error, E5 (Groundball, 5, EV 76.9 MPH) Luis Jaramillo to third
|
Batting: RHB Knud Fynbo
|
0-0: Ground out 5-3 (Groundball, 56, EV 81.3 MPH)
|
Batting: SHB Bart Dean
|
0-0: Ball 1-0: SINGLE (Line Drive, 56, EV 98.8 MPH) Luis Jaramillo scores Bill Larocque to third Runner from 3rd tries for Home, throw by LF and OUT! 7-2
|
Bottom of the 4th over - 1 run, 2 hits, 1 error, 1 left on base; Porto 5 - Trujillo 2 |
TOP OF THE 5TH |
Porto Vintners batting - Pitching for Trujillo Gryphons : RHP Takeji Toki
|
Pitching: RHP Mendel MacDonald
|
|
Batting: RHB Run-ming Jian
|
0-0: Foul Ball, location: 2F 0-1: Called Strike 0-2: Ball 1-2: Foul Ball, location: 5SF 1-2: SINGLE (Line Drive, 8RS, EV 110.0 MPH)
|
Batting: RHB Ibn Gachukia
|
0-0: Called Strike 0-1: Ball 1-1: Ball 2-1: Foul Ball, location: 2F 2-2: SINGLE (Line Drive, 78S, EV 93.8 MPH) Run-ming Jian to second
|
Batting: RHB Sorin Logiyko
|
0-0: Ball 1-0: Fly out, F7 (Line Drive, 7S, EV 95.0 MPH)
|
Batting: LHB Nguna Al-Fayed
|
0-0: Fielders Choice at 2nd, 3-6 (Groundball, 34, EV 104.4 MPH) Run-ming Jian to third
|
Batting: LHB Hizkaias Gogo
|
0-0: 3-RUN HOME RUN (Flyball, 8RXD, EV 112.5 MPH), Distance : 426 ft
|
Pitching: RHP Alberto Trevino
|
|
Batting: LHB Jalal Sofian
|
0-0: SOLO HOME RUN (Flyball, 78XD, EV 111.3 MPH), Distance : 433 ft
|
Batting: SHB Tommy Wynn
|
0-0: Ball 1-0: Swinging Strike 1-1: Called Strike 1-2: Strikes out looking
|
Top of the 5th over - 4 runs, 4 hits, 0 errors, 0 left on base; Porto 9 - Trujillo 2 |
BOTTOM OF THE 5TH |
Trujillo Gryphons batting - Pitching for Porto Vintners : RHP Tae-hyeon Kim
|
Batting: RHB Kimmo-Mikka Vanhala
|
0-0: Hit by Pitch
|
Batting: LHB Ricky Vega
|
0-0: Called Strike 0-1: Swinging Strike 0-2: Foul Ball, location: 5DF 0-2: Ball 1-2: SINGLE (Groundball, 6MD, EV 104.4 MPH) Kimmo-Mikka Vanhala to second
|
Batting: LHB Jesus Rosales
|
0-0: Ball 1-0: Foul Ball, location: 5FF 1-1: SINGLE (Line Drive, 7S, EV 100.6 MPH) Kimmo-Mikka Vanhala to third Ricky Vega to second Runner from 3rd tries for Home, throw by LF and OUT! 7-2
|
Batting: RHB Ali Ufa
|
0-0: Called Strike 0-1: Called Strike 0-2: Ball 1-2: Grounds into double play, 5-4-3 (Groundball, 5, EV 85.6 MPH)
|
Bottom of the 5th over - 0 runs, 2 hits, 0 errors, 1 left on base; Porto 9 - Trujillo 2 |
TOP OF THE 6TH |
Porto Vintners batting - Pitching for Trujillo Gryphons : RHP Alberto Trevino
|
Batting: RHB Adhamh Sukarto
|
0-0: Swinging Strike 0-1: Fly out, F8 (Line Drive, 8RM, EV 83.8 MPH)
|
Batting: RHB Dinh-Hy Tra
|
0-0: Foul Ball, location: 2F 0-1: Ball 1-1: Swinging Strike 1-2: Ball 2-2: Strikes out looking
|
Batting: RHB Run-ming Jian
|
0-0: Ball 1-0: Ball 2-0: Fly out, F9 (Line Drive, 9LM, EV 98.8 MPH)
|
Top of the 6th over - 0 runs, 0 hits, 0 errors, 0 left on base; Porto 9 - Trujillo 2 |
BOTTOM OF THE 6TH |
Trujillo Gryphons batting - Pitching for Porto Vintners : RHP Tae-hyeon Kim
|
Batting: RHB Marcos Chavez
|
0-0: Ball 1-0: Called Strike 1-1: Ball 2-1: Foul Ball, location: 2F 2-2: Strikes out swinging, 2-3 out at first.
|
Batting: LHB Luis Jaramillo
|
0-0: SINGLE (Groundball, 4MD, EV 103.8 MPH)
|
Batting: LHB Bill Larocque
|
0-0: Called Strike 0-1: Called Strike 0-2: Foul Ball, location: 9LMFF 0-2: Foul Ball, location: 7LMF 0-2: Strikes out swinging
|
Batting: RHB Knud Fynbo
|
0-0: Ball 1-0: Swinging Strike 1-1: Fly out, F6 (Popup, 4MS, EV 77.5 MPH)
|
Bottom of the 6th over - 0 runs, 1 hit, 0 errors, 1 left on base; Porto 9 - Trujillo 2 |
TOP OF THE 7TH |
Porto Vintners batting - Pitching for Trujillo Gryphons : RHP Alberto Trevino
|
Batting: RHB Ibn Gachukia
|
0-0: Fly out, F5 (Popup, 5S, EV 71.9 MPH)
|
Pinch Hitting: RHB Bernard Hurst
|
0-0: Ball 1-0: Called Strike 1-1: Swinging Strike 1-2: Strikes out swinging
|
Pinch Hitting: RHB Rotislav Kajgaliev
|
0-0: Swinging Strike 0-1: Ground out 4-3 (Groundball, 4S, EV 88.1 MPH)
|
Top of the 7th over - 0 runs, 0 hits, 0 errors, 0 left on base; Porto 9 - Trujillo 2 |
BOTTOM OF THE 7TH |
Trujillo Gryphons batting - Pitching for Porto Vintners : RHP Tae-hyeon Kim
|
Now at 3B: Bernard Hurst
|
|
Now in RF: Rotislav Kajgaliev
|
|
Pinch Hitting: RHB Gabe Maldonado
|
0-0: Fly out, F4 (Popup, 4S, EV 73.8 MPH)
|
Batting: RHB Kimmo-Mikka Vanhala
|
0-0: Foul Ball, location: 5DF 0-1: Fly out, F7 (Flyball, 7D, EV 104.4 MPH)
|
Pinch Hitting: RHB Carlos Alvarenga
|
0-0: Called Strike 0-1: Ground out 6-3 (Groundball, 6, EV 102.5 MPH)
|
Bottom of the 7th over - 0 runs, 0 hits, 0 errors, 0 left on base; Porto 9 - Trujillo 2 |
TOP OF THE 8TH |
Porto Vintners batting - Pitching for Trujillo Gryphons : RHP Alberto Trevino
|
Now at SS: Gabe Maldonado
|
|
Now in LF: Carlos Alvarenga
|
|
Now in CF: Bill Larocque
|
|
Batting: LHB Hizkaias Gogo
|
0-0: SINGLE (Line Drive, 9S, EV 96.3 MPH)
|
Batting: LHB Jalal Sofian
|
0-0: Ball 1-0: Ball Hizkaias Gogo steals 2nd base (no throw) 2-0: Called Strike 2-1: Ball 3-1: Fly out, F6 (Line Drive, 6, EV 71.9 MPH)
|
Pitching: LHP Hannu Koskinen
|
|
Batting: SHB Tommy Wynn
|
0-0: DOUBLE (Line Drive, 9LM, EV 92.5 MPH) Hizkaias Gogo scores
|
Batting: RHB Adhamh Sukarto
|
0-0: Called Strike 0-1: Foul Ball, location: 3FF 0-2: Ball 1-2: Ball 2-2: Foul Ball, location: 2F 2-2: Foul Ball, location: 2F 2-2: Fly out, F9 (Flyball, 89M, EV 90.0 MPH)
|
Batting: RHB Dinh-Hy Tra
|
0-0: Fly out, F9 (Flyball, 89M, EV 91.3 MPH)
|
Top of the 8th over - 1 run, 2 hits, 0 errors, 1 left on base; Porto 10 - Trujillo 2 |
BOTTOM OF THE 8TH |
Trujillo Gryphons batting - Pitching for Porto Vintners : RHP Tae-hyeon Kim
|
Pinch Hitting: RHB Sébastien Ferrier
|
0-0: Ball 1-0: Ball 2-0: Ball 3-0: Called Strike 3-1: Called Strike 3-2: Ground out 5-3 (Groundball, 56, EV 95.0 MPH)
|
Batting: RHB Ali Ufa
|
0-0: Ball 1-0: Called Strike 1-1: Foul Ball, location: 5F 1-2: Fly out, F1 (Line Drive, P, EV 63.8 MPH)
|
Batting: RHB Marcos Chavez
|
0-0: Ball 1-0: Ball 2-0: Hit by Pitch
|
Batting: LHB Luis Jaramillo
|
0-0: Ground out 4-3 (Groundball, 4, EV 85.6 MPH)
|
Bottom of the 8th over - 0 runs, 0 hits, 0 errors, 1 left on base; Porto 10 - Trujillo 2 |
TOP OF THE 9TH |
Porto Vintners batting - Pitching for Trujillo Gryphons : LHP Hannu Koskinen
|
Pitching: LHP Maimun Eisa
|
|
Now at 1B: Sébastien Ferrier
|
|
Pinch Hitting: RHB Korybut Salac
|
0-0: Called Strike 0-1: Fly out, F4 (Flyball, 34D, EV 87.5 MPH)
|
Batting: RHB Ibn Gachukia
|
0-0: Ground out U3 (Groundball, 13, EV 89.4 MPH)
|
Batting: RHB Bernard Hurst
|
0-0: Ball 1-0: Called Strike 1-1: SINGLE (Line Drive, 89S, EV 98.1 MPH)
|
Batting: RHB Rotislav Kajgaliev
|
0-0: Called Strike 0-1: DOUBLE (Line Drive, 89D, EV 108.1 MPH) Bernard Hurst to third
|
Batting: LHB Hizkaias Gogo
|
0-0: Called Strike 0-1: Fly out, F6 (Popup, 6, EV 69.4 MPH)
|
Top of the 9th over - 0 runs, 2 hits, 0 errors, 2 left on base; Porto 10 - Trujillo 2 |
BOTTOM OF THE 9TH |
Trujillo Gryphons batting - Pitching for Porto Vintners : RHP Tae-hyeon Kim
|
Pitching: RHP Yaman Husam al Din
|
|
Now at 2B: Tommy Wynn
|
|
Now at 3B: Korybut Salac
|
|
Now at SS: Bernard Hurst
|
|
Batting: LHB Bill Larocque
|
0-0: Called Strike 0-1: Foul Ball, location: 25F 0-2: DOUBLE (Line Drive, 5D, EV 95.6 MPH)
|
Batting: RHB Knud Fynbo
|
0-0: Ground out 4-3 (Groundball, 4, EV 108.8 MPH) Bill Larocque to third
|
Pinch Hitting: SHB Husam al Din bin Masruq
|
0-0: Foul Ball, location: 2F 0-1: Ball 1-1: Ball 2-1: Ground out 6-3 (Groundball, 6M, EV 100.0 MPH) Bill Larocque scores
|
Batting: RHB Kimmo-Mikka Vanhala
|
0-0: Ball 1-0: SINGLE (Line Drive, 7S, EV 93.8 MPH)
|
Batting: RHB Carlos Alvarenga
|
0-0: Called Strike 0-1: Ball 1-1: Foul Ball, location: 2F 1-2: Ball 2-2: Ball 3-2: Base on Balls Kimmo-Mikka Vanhala to second
|
Batting: RHB Sébastien Ferrier
|
0-0: Called Strike 0-1: Swinging Strike 0-2: Foul Ball, location: 9LDF 0-2: Ball 1-2: Foul Ball, location: 23F 1-2: Foul Ball, location: 25F 1-2: Ball 2-2: Strikes out looking
|
Bottom of the 9th over - 1 run, 2 hits, 0 errors, 2 left on base; Porto 10 - Trujillo 3 |
|